 Dungeon Crawl Stone Soup version 0.26-a0-542-gbaa144ba5c (webtiles) character file.

Game seed: 10721720860389456947

27 Notrik the Skirmisher (level 3, -1/34 HPs)
             Began as a Hill Orc Fighter on Aug 18, 2020.
             Slain by Robin
             ... wielding a +0 club
              (3 damage)
             ... on level 2 of the Dungeon.
             The game lasted 00:00:48 (347 turns).

Notrik the Skirmisher (Hill Orc Fighter)             Turns: 347, Time: 00:00:49

Health: -1/34      AC:  6    Str: 19    XL:     3   Next: 10%
Magic:  3/3        EV:  7    Int:  8    God:
Gold:   60         SH:  9    Dex: 10    Spells: 2/2 levels left

rFire    . . .     SeeInvis .   a - +0 war axe
rCold    . . .     Faith    .   c - +0 kite shield
rNeg     . . .     Spirit   .   b - +0 scale mail
rPois    .         Reflect  .   (no helmet)
rElec    .         Harm     .   (no cloak)
rCorr    .                      (no gloves)
MR       .....                  (no boots)
Stlth    ..........             (no amulet)
HPRegen  0.11/turn              (no ring)
MPRegen  0.08/turn              (no ring)

@: no status effects
A: no striking features
a: no special abilities


You were on level 2 of the Dungeon.
You visited 1 branch of the dungeon, and saw 2 of its levels.

You collected 60 gold pieces.

Inventory:

Hand Weapons
 a - a +0 war axe (weapon)
Armour
 b - a +0 scale mail (worn)
 c - a +0 kite shield (worn)
Scrolls
 g - a scroll of fog {unknown}
 i - a scroll of amnesia {unknown}
 j - a scroll of identify {unknown}
 k - a scroll of teleportation {unknown}
Potions
 d - a potion of might
 e - a potion of heal wounds {unknown}
 f - a potion of cancellation {unknown}
 h - 2 potions of brilliance {unknown}


   Skills:
 * Level 4.6 Fighting
 + Level 3.4 Axes
 - Level 3.2 Armour
 - Level 3.2 Shields


You had 2 spell levels left.
You didn't know any spells.
Your spell library was empty.

Dungeon Overview and Level Annotations

Branches:
Dungeon (1/15)

Altars:

Annotations:
D:2 Robin


Message History

You block the quokka's attack.
You are too injured to fight recklessly!
You hit the goblin.
You kill the goblin!
You hit the goblin but do no damage. You barely miss the quokka.
The goblin barely misses you. You block the quokka's attack.
Robin throws the goblin at you! The goblin hits you but does no damage.
The quokka bites you.
* * * LOW HITPOINT WARNING * * *
You closely miss the goblin. You barely miss the quokka.
You slash the hobgoblin!
You kill the hobgoblin!
You have reached level 3!
Your experience leads to an increase in your attributes!
Increase (S)trength, (I)ntelligence, or (D)exterity?
You feel stronger. The goblin hits you but does no damage.
The quokka bites you.
* * * LOW HITPOINT WARNING * * *
Your shield prevents you from hitting the goblin.
You closely miss the quokka. You closely miss the goblin.
You block the goblin's attack. You block the quokka's attack.
The goblin barely misses you.
The quokka bites you but does no damage.
The goblin closely misses you. The goblin hits you but does no damage.
You slash the goblin!
You kill the goblin!
You hit the goblin.
You kill the goblin!
You slash the quokka!
You kill the quokka!
Robin hits you but does no damage.
Items here: )) ††.
You see here a rat corpse.
Found a scroll labeled SOCUDU ELEAZOL.
You hit Robin. You block Robin's attack.
You slash Robin! Robin barely misses you. Robin hits you with a +0 club.
* * * LOW HITPOINT WARNING * * *
You barely miss Robin. Robin barely misses you.
Your shield prevents you from hitting Robin.
You block Robin's attack.
You barely miss Robin.
A bat comes into view.
Robin hits you with a +0 club.
* * * LOW HITPOINT WARNING * * *
Robin hits you but does no damage.
You hit Robin. Robin hits you with a +0 club.
* * * LOW HITPOINT WARNING * * *
Your shield and scale mail prevent you from hitting Robin.
The bat hits you but does no damage. x2; Robin hits you with a +0 club.
You die...

.............#
#...........#
#.......)..###
#............#
#.$.)))...##...#
##.##.#....##....
.?## ##)#....#.....
#....#.g...........
#...b@........ ..
.......##..>......
....... #.....$...
###.... ....#..!
##... ###.... #...
(##. #... . .


You could see Robin and a bat.

Vanquished Creatures
  A dart slug (D:1)
  2 leopard geckos (D:1)
  A bat (D:1)
  8 goblins
  4 hobgoblins (D:2)
  A quokka (D:2)
  A ball python (D:2)
  2 frilled lizards (D:2)
  A rat (D:2)
21 creatures vanquished.

Notes
Turn   | Place    | Note
-------+----------+-------------------------------------------
     0 | D:1      | Notrik the Hill Orc Fighter began the quest for the Orb.
     0 | D:1      | Reached XP level 1. HP: 19/19 MP: 1/1
   138 | D:1      | Reached skill level 4 in Fighting
   138 | D:1      | Reached XP level 2. HP: 22/27 MP: 2/2
   263 | D:1      | You fall into a shaft and drop 1 floor!
   318 | D:2      | Noticed Robin
   335 | D:2      | Reached XP level 3. HP: 9/34 MP: 3/3
   347 | D:2      | Slain by Robin

Illustrated notes

Levels and vault maps discovered:
D:1:      doesnt_arrival_eight_statues, layout_loops_corners,
          kennysheep_crisscross
D:2:      layout_rooms, makhleb_heckhound_becter,
          chequers_ecumenical_altar_grove, uniq_robin

Skill      XL: |  1 |
---------------+----+-----
Fighting       | 4 |  4.6
Axes           | 3 |  3.4
Armour         | |  3.2
Shields        | |  3.2

Action                   || total
-------------------------++-------
Melee: War axe           ||    43
Armor: Scale mail        ||    23
Dodge: Dodged            ||    21
Block: Kite shield       ||    28

Table legend: (Time is in decaauts)
 A = Elapsed time spent in this place.
 B = Non-inter-level travel time spent in this place.
 C = Inter-level travel time spent in this place.
 D = Time resting spent in this place.
 E = Time spent auto-exploring this place.
 F = Levels seen in this place.
 G = Mean time per level.
                   A        B        C        D        E       F      G
               +--------+--------+--------+--------+--------+-----+--------+
         Total |    364 |    364 |      0 |      0 |    263 |   2 |  182.0 |
       Dungeon |    364 |    364 |      0 |      0 |    263 |   2 |  182.0 |
               +--------+--------+--------+--------+--------+-----+--------+

Top non-repeatable levels by time:
     D:1: 270 daAuts
     D:2: 94 daAuts
